 Dungeon Crawl Stone Soup version 0.28.0-47-ge53b351184 (webtiles) character file.

Game seed: 12811857230324976168

97 Gabide the Cudgeller (level 5, -5/42 HPs)
             Began as a Human Monk on May 9, 2022.
             Splashed by a jelly's acid (11 damage)
             ... on level 2 of the Dungeon.
             The game lasted 00:02:38 (2356 turns).

Gabide the Cudgeller (Human Monk)                   Turns: 2356, Time: 00:02:39

Health: -5/42      AC: -1    Str: 13    XL:     5   Next: 0%
Magic:  5/5        EV: 12    Int: 10    God:
Gold:   15         SH:  0    Dex: 16    Spells: 4/4 levels left

rFire   . . .      SeeInvis .   a - +0 mace
rCold   . . .      Faith    .   (no shield)
rNeg    . . .      Spirit   .   f - +0 ring mail
rPois   .          Reflect  .   (no helmet)
rElec   .          Harm     .   b - +0 cloak
rCorr   .          Rampage  .   (no gloves)
Will    .....                   (no boots)
Stlth   +.........              (no amulet)
HPRegen 0.14/turn               (no ring)
MPRegen 0.09/turn               (no ring)

@: corroded
A: no striking features
a: no special abilities


You were on level 2 of the Dungeon.
You visited 1 branch of the dungeon, and saw 2 of its levels.

You collected 90 gold pieces.
You spent 75 gold pieces at shops.

Inventory:

Hand Weapons
 a - a +0 mace (weapon)
Armour
 b - a +0 cloak (worn)
 f - a +0 ring mail (worn)
Scrolls
 d - 2 scrolls of vulnerability {unknown}
 e - a scroll of teleportation {unknown}
 g - a scroll of amnesia {unknown}
 j - a scroll of fear {unknown}
Potions
 c - 2 potions of lignification
 h - a potion of curing {unknown}
 i - a potion of heal wounds {unknown}
 k - a potion of brilliance {unknown}
 l - a potion of mutation {unknown}


   Skills:
 + Level 3.6 Fighting
 + Level 3.6 Maces & Flails
 * Level 2.0 Armour
 + Level 3.6 Dodging
 - Level 2.0 Stealth


You had 4 spell levels left.
You didn't know any spells.
Your spell library was empty.

Dungeon Overview and Level Annotations

Branches:
Dungeon (2/15)

Altars:

Shops:
D:2 *((

Annotations:
D:2 1 runed translucent door, Crazy Yiuf


Message History

A jelly is nearby!
A jelly is nearby!
A jelly is nearby!
The helpless jelly fails to defend itself.
You hit the jelly.
Your hands burn!
The jelly is moderately wounded.
The jelly barely misses you.
You hit the jelly. The acid corrodes you!
Your hands burn!
The jelly is heavily wounded.
The jelly misses you.
You completely miss the jelly.
The jelly is moderately wounded.
The jelly hits you but does no damage.
You barely miss the jelly.
The jelly is moderately wounded.
The jelly jiggles.
The jelly hits you but does no damage. x2
You hit the jelly.
Your hands burn!
The jelly is severely wounded.
The jelly barely misses you.
You hit the jelly but do no damage.
Your hands burn!
The jelly is severely wounded.
The jelly hits you. The acid corrodes you!
You are splashed with acid!
You are too injured to fight recklessly!
You are too injured to fight recklessly!
You are too injured to fight recklessly!
You are too injured to fight recklessly!
You are too injured to fight recklessly!
You are too injured to fight recklessly!
You are too injured to fight recklessly!
You are too injured to fight recklessly!
You are too injured to fight recklessly!
A jelly is nearby!
You hit the jelly.
Your hands burn!
* * * LOW HITPOINT WARNING * * *
The jelly is almost dead.
The jelly hits you.
* * * LOW HITPOINT WARNING * * *
You are splashed with acid!
You die...

########### #.........#
##########.#######'#####
#.......##.#............
#........#.#............
##....#............
##..##.#...≈.....≈..
#$.@.#.#.....###....
#.8.J..#....## ##...
#$...###....# #...
##...# #....## ##...
##.## #...§§###.... ..#
#...≈.....≈.. ..#
#............ ###
#............
#............


You could see a jelly.

Vanquished Creatures
  Natasha (twice) (D:2)
  An adder (D:2)
  A dart slug (D:1)
  3 ball pythons
  3 bats
  2 endoplasms
  5 goblins
  4 hobgoblins
  7 jackals
  2 frilled lizards
  2 kobolds (D:1)
  3 rats
35 creatures vanquished.

Vanquished Creatures (others)
  A plant (D:1)
1 creature vanquished.

Grand Total: 36 creatures vanquished

Notes
Turn   | Place    | Note
-------+----------+-------------------------------------------
     0 | D:1      | Gabide the Human Monk began the quest for the Orb.
     0 | D:1      | Reached XP level 1. HP: 18/18 MP: 1/1
   300 | D:1      | Reached XP level 2. HP: 18/24 MP: 2/2
  1061 | D:1      | Found a faded altar of an unknown god.
  1156 | D:1      | Reached XP level 3. HP: 29/29 MP: 3/3
  1345 | D:2      | Reached skill level 1 in Armour
  1521 | D:2      | Noticed Natasha
  1527 | D:2      | Killed Natasha
  1528 | D:2      | Reached XP level 4. HP: 23/35 MP: 4/4
  1641 | D:2      | Found Rouhamau's Antique Weapon Emporium.
  1947 | D:2      | Noticed Natasha
  1969 | D:2      | Killed Natasha
  2200 | D:2      | Found a runed translucent door.
  2201 | D:2      | Noticed Crazy Yiuf
  2229 | D:2      | Found Seni Odu's Weapon Shop.
  2237 | D:2      | Found Gytal's Assorted Antiques.
  2248 | D:2      | Bought a bubbling grey potion for 18 gold pieces
  2248 | D:2      | Bought a scroll labelled CUONWU GAFAAHAG for 21 gold pieces
  2248 | D:2      | Bought a green potion for 18 gold pieces
  2248 | D:2      | Bought a viscous blue potion for 18 gold pieces
  2283 | D:2      | Reached XP level 5. HP: 42/42 MP: 5/5
  2356 | D:2      | Splashed by a jelly's acid

Illustrated notes

Levels and vault maps discovered:
D:1:      scummos_arrival_simple_crosswalls, layout_loops_ring,
          shapermc_ecumenical_altar_mp_ritualfount,
          ebering_dispersal_statue_hall
D:2:      layout_rooms, serial_shops, nicolae_diamond_shop,
          nicolae_shop_waterfront, shop,
          nicolae_shop_temple_entry_statues_fountains, nicolae_lakefront_shop,
          kennysheep_path_1, mrwooster_statue_mirror, serial_park_tiny_pond,
          uniq_natasha, uniq_crazy_yiuf_cottage, uniq_sigmund

Skill      XL: |  1  2  3  4 |
---------------+-------------+-----
Armour         | 1 2 |  2.0
Fighting       | |  3.6
Maces & Flails | |  3.6
Dodging        | |  3.6
Stealth        | |  2.0

Action                   |  1- 3 |  4- 6 || total
-------------------------+-------+-------++-------
Melee: Mace              |    82 |    52 ||   134
       Punch             |       |     1 ||     1
  Use: Scroll            |       |     1 ||     1
 Stab: Sleeping          |     1 |     1 ||     2
Armor: Robe              |     5 |       ||     5
       Ring mail         |    26 |    25 ||    51
Dodge: Dodged            |    67 |    43 ||   110
